Construct Section Command Post
Construct Platoon Command Post
6-pounder Anti-tank Gun Team
Construct Field Infirmary
Unlock Bishop Self-propelled Artillery
Bishop Self-propelled Artillery
Selects Canadian Shock Battlegroup
Selects Canadian Shock Section
Selects Incendiary Munitions
Construct Company Command Post
Selects Churchill Crocodile Heavy Tank
Churchill Crocodile Heavy Tank
Bishop Self-propelled Artillery